 Dungeon Crawl Stone Soup version 0.26.1-11-gd32895ea62 (webtiles) character file.

Game seed: 16214902960100663103

777 Revguard the Ruffian (level 7, -13/66 HPs)
             Began as an Ogre Transmuter on Apr 23, 2021.
             Mangled by an orc warrior
             ... wielding a +0 hand axe
              (15 damage)
             ... on level 5 of the Dungeon.
             The game lasted 00:15:31 (6093 turns).

Revguard the Ruffian (Ogre Transmuter)              Turns: 6093, Time: 00:15:32

Health: -13/66     AC:  2    Str: 21    XL:     7   Next: 84%
Magic:  9/13       EV: 20    Int: 15    God:
Gold:   126        SH:  5    Dex: 15    Spells: 4/14 levels left

rFire    . . .     SeeInvis .     - Unarmed
rCold    . . .     Faith    .   (shield currently unavailable)
rNeg     . . .     Spirit   .   (armour currently unavailable)
rPois    x         Reflect  +   (helmet currently unavailable)
rElec    .         Harm     .   (cloak currently unavailable)
rCorr    .         Rampage  .   (gloves unavailable)
Will     .....                  (boots unavailable)
Stlth    +.........             o - amulet of reflection
HPRegen  0.21/turn              d - ring of flight
MPRegen  0.13/turn              c - +6 ring of strength

@: spider-form (expiring), very slightly contaminated
A: tiny, unfitting armour, subdued magic 1
a: End Transformation, Evoke Flight


You were on level 5 of the Dungeon.
You were a venomous arachnid creature.
You visited 1 branch of the dungeon, and saw 5 of its levels.

You collected 126 gold pieces.

Inventory:

Armour
 a - a +1 robe (melded)
 b - a +0 cloak (melded)
Jewellery
 c - a +6 ring of strength (right front leg)
 d - a ring of flight (left front leg)
 o - an amulet of reflection (around neck)
 q - an uncursed amulet of magic regeneration
 r - an uncursed ring of willpower
Wands
 h - a wand of random effects (14)
Scrolls
 e - 2 scrolls of identify
 g - a scroll of immolation {unknown}
 i - a scroll of remove curse
 l - a scroll of teleportation {unknown}
 m - a scroll of fog
 s - a scroll of enchant weapon
Potions
 f - 2 potions of attraction
 j - a potion of magic
 n - 2 potions of flight {unknown}
 p - 2 potions of brilliance


   Skills:
 * Level 2.8 Fighting
 * Level 2.1 Armour
 + Level 2.9 Dodging
 + Level 0.3 Shields
 + Level 4.6 Unarmed Combat
 * Level 4.3 Spellcasting
 * Level 3.6 Transmutations
 + Level 0.3 Poison Magic
 * Level 2.0 Evocations


You had 4 spell levels left.
You knew the following spells:

 Your Spells              Type           Power        Failure   Level
a - Beastly Appendage     Tmut           20%          11%         1
b - Wereblood             Tmut           10%          14%         2
c - Spider Form           Tmut/Pois      3%           38%         3
d - Ice Form              Ice/Tmut       6%           78%         4

Your spell library contained the following spells:

 Spells                   Type           Power        Failure   Level
 Blade Hands              Tmut           5%           86%         5


Dungeon Overview and Level Annotations

Branches:
Dungeon (5/15)
 Temple: D:4-7

Altars:


Innate Abilities, Weirdness & Mutations

You are too large for most types of armour.
((You have tough skin. (AC +1)))
Your spells are a little easier to cast, but a little less powerful.
((Your movements are slightly less encumbered by armour. (ER -2)))


Message History

The orc warrior closely misses you.
You bite the orc warrior!
The orc warrior is severely wounded.
The orc warrior hits you with a +0 hand axe!!
* * * LOW HITPOINT WARNING * * *
You hit the orc warrior.
The orc warrior is almost dead.
* * * LOW HITPOINT WARNING * * *
You feel sick.
You are no longer poisoned.
The orc warrior misses you.
There is an open door here.
You barely miss the orc warrior.
The orc warrior is almost dead.
You hit the orc warrior but do no damage.
The orc warrior is poisoned.
The orc warrior is almost dead.
Your transformation is almost over.
The orc warrior hits you with a +0 hand axe!
You die...

#.....# ###### #####.###
#....# #.......# #....#
#.###.#.# #....#
#####.....#.# #....#
#....######.#
..###....###.##........#
...............###......
#..s.#.#.......###.#
#######o##.####.########
+...............)......>
#######.##.####)##......
#o##.####..######. #
#####o##....).........
#.
#....o.....).#.######.
#.. #..........))#..#
#... #............##.#


You could see an orc warrior (very poisoned) and 3 orcs.

Vanquished Creatures
  A sky beast (D:5)
  An ogre (D:4)
  Blork the orc (D:4)
  A scorpion (D:4)
  A howler monkey (D:4)
  A hound (D:5)
  Crazy Yiuf (D:4)
  2 orc priests (D:5)
  An orc wizard (D:5)
  Ijyb (D:4)
  4 worker ants
  2 adders
  2 oozes (D:2)
  2 adder zombies (D:2)
  3 adder skeletons
  4 worms
  3 dart slugs
  4 leopard geckos
  16 orcs
  4 giant cockroaches
  7 goblins
  9 hobgoblins
  7 jackals
  2 quokkas
  4 ball pythons
  A ball python zombie (D:2)
  9 bats
  8 frilled lizards
  A jackal skeleton (D:2)
  13 kobolds
  A leopard gecko skeleton (D:2)
  7 rats
124 creatures vanquished.

Vanquished Creatures (others)
  2 fungi (D:4)
  7 withered plants (D:2)
9 creatures vanquished.

Grand Total: 133 creatures vanquished

Notes
Turn   | Place    | Note
-------+----------+-------------------------------------------
     0 | D:1      | Revguard the Ogre Transmuter began the quest for the Orb.
     0 | D:1      | Reached XP level 1. HP: 19/19 MP: 3/3
   349 | D:1      | Reached XP level 2. HP: 24/27 MP: 3/5
   352 | D:1      | Learned a level 2 spell: Wereblood
  1279 | D:2      | Reached XP level 3. HP: 27/33 MP: 4/7
  1283 | D:2      | Learned a level 3 spell: Spider Form
  1833 | D:2      | Reached XP level 4. HP: 41/41 MP: 8/8
  2060 | D:2      | Reached skill level 1 in Armour
  2305 | D:2      | Reached skill level 1 in Evocations
  2821 | D:3      | Reached XP level 5. HP: 41/48 MP: 5/9
  2829 | D:3      | Learned a level 4 spell: Ice Form
  4018 | D:4      | Noticed an ogre
  4031 | D:4      | Killed an ogre
  4032 | D:4      | Reached XP level 6. HP: 56/57 MP: 8/11
  4093 | D:4      | Found a runed translucent door.
  4094 | D:4      | Noticed Crazy Yiuf
  4139 | D:4      | Gained mutation: Your spells are a little easier to cast,
                  | but a little less powerful. [potion of mutation]
  4139 | D:4      | Gained mutation: Your movements are slightly less
                  | encumbered by armour. (ER -2) [potion of mutation]
  4274 | D:4      | Noticed Ijyb
  4290 | D:4      | Killed Ijyb
  4524 | D:4      | Reached XP level 7. HP: 28/65 MP: 7/12
  4528 | D:4      | Noticed Blork the orc
  4951 | D:4      | Killed Blork the orc
  5659 | D:4      | Killed Crazy Yiuf
  5723 | D:5      | Entered Level 5 of the Dungeon
  6086 | D:5      | HP: 2/66 [orc warrior/+0 hand axe (19)]
  6093 | D:5      | Mangled by an orc warrior

Illustrated notes

Levels and vault maps discovered:
D:1:      tarquinn_simple_flora_water_d, layout_basic
D:2:      layout_loops_corners, serial_undead, serial_undead_b, serial_undead_e,
          serial_undead_f, serial_undead_a, serial_undead_b, serial_undead_b
D:3:      minmay_razor_zed, layout_basic, minmay_goblin_outpost
D:4:      layout_layer_cave, uniq_blork_the_orc, uniq_ijyb,
          uniq_crazy_yiuf_cottage
D:5:      layout_basic, minmay_temple_entry_trees, serial_shops,
          kennysheep_mini, guppyfry_early_orc_mine

Skill      XL: |  1  2  3  4  5  6  7 |
---------------+----------------------+-----
Unarmed Combat | 3 4 |  4.6
Spellcasting   | 3 4 |  4.3
Transmutations | 2 3 |  3.6
Armour         | 1 2 |  2.1
Dodging        | 2 |  2.9
Evocations     | 1 2 |  2.0
Fighting       | 2 |  2.8
Shields        | |  0.3
Poison Magic   | |  0.3

Action                   |  1- 3 |  4- 6 |  7- 9 || total
-------------------------+-------+-------+-------++-------
Melee: Unarmed           |   128 |   216 |    71 ||   415
       Kick              |    10 |    24 |     7 ||    41
       Headbutt          |     9 |    12 |     6 ||    27
       Punch             |     1 |     2 |     1 ||     4
 Cast: Beastly Appendage |    19 |    17 |     7 ||    43
       Wereblood         |     2 |     6 |     1 ||     9
       Spider Form       |       |     3 |     5 ||     8
       Ice Form          |       |     1 |       ||     1
  Use: Scroll            |     4 |     7 |       ||    11
       Potion            |       |     9 |     1 ||    10
Armor: Robe              |    57 |    75 |     8 ||   140
       Skin              |       |     4 |     2 ||     6
Dodge: Dodged            |    78 |   150 |    38 ||   266
Block: Other             |       |    11 |    14 ||    25
